 Dungeon Crawl Stone Soup version 0.25-a0-734-g73332aeda9 (webtiles) character file.

Game seed: 6645912856768607177, levelgen mode: deterministic

224 Cral the Chiller (level 6, -5/42 HPs)
             Began as a Merfolk Ice Elementalist on Apr 10, 2020.
             Slain by a gnoll
             ... wielding a +0 spear
              (8 damage)
             ... on level 2 of the Dungeon.
             The game lasted 00:06:00 (2978 turns).

Cral the Chiller (Merfolk Ice Elementalist)         Turns: 2978, Time: 00:06:01

Health: -5/42      AC:  8    Str:  8    XL:     6   Next: 0%
Magic:  2/11       EV: 13    Int: 16    God:
Gold:   177        SH:  0    Dex: 15    Spells: 5/12 levels left

rFire    x . .     SeeInvis .   (no weapon)
rCold    + . .     Gourm    .   (no shield)
rNeg     . . .     Faith    .   f - +0 robe (curse)
rPois    +         Spirit   .   (no helmet)
rElec    .         Reflect  .   (no cloak)
rCorr    .         Harm     .   (no gloves)
MR       .....                  (no boots)
Stlth    ++........             m - amulet of regeneration
HPRegen  0.54/turn              d - ring of ice
MPRegen  0.12/turn              n - ring of poison resistance

@: icy armour, frozen ramparts
A: change form in water, swift swim, stealthy swim
a: no special abilities


You were on level 2 of the Dungeon.
You were very hungry.

You visited 1 branch of the dungeon, and saw 3 of its levels.

You collected 177 gold pieces.

Inventory:

Armour
 f - a cursed +0 robe (worn)
Jewellery
 d - a ring of ice (left hand)
 m - an amulet of regeneration (around neck)
 n - a ring of poison resistance (right hand)
Scrolls
 a - a scroll of enchant armour {unknown}
 g - a scroll of fear {unknown}
 i - 2 scrolls of remove curse {unknown}
 j - a scroll of teleportation {unknown}
 k - a scroll of immolation {unknown}
 l - a scroll of amnesia {unknown}
Potions
 b - 4 potions of heal wounds {unknown}
 e - 2 potions of curing {unknown}
 h - a potion of degeneration {unknown}
 o - a potion of haste {unknown}
Comestibles
 c - 5 rations


   Skills:
 + Level 0.5 Fighting
 + Level 3.2 Dodging
 - Level 2.1 Stealth
 + Level 3.8 Spellcasting
 + Level 6.3 Ice Magic


You had 5 spell levels left.
You knew the following spells:

 Your Spells              Type           Power        Failure   Level  Hunger
a - Freeze                Ice            ####         1%          1    None
b - Frozen Ramparts       Ice            ####..       3%          3    ###....
c - Ozocubu's Armour      Chrm/Ice       ###.....     14%         3    ###....

Your spell library contained the following spells:

 Spells                   Type           Power        Failure   Level  Hunger
 Hailstorm                Conj/Ice       ###.....     43%         4    ####...
 Summon Ice Beast         Ice/Summ       ###.....     43%         4    ####...


Dungeon Overview and Level Annotations

Branches:
Dungeon (3/15)

Altars:
Dithmenos

Annotations:
D:3 Grinder


Message History

* * * LOW HITPOINT WARNING * * *
The wall freezes the ball python.
You kill the ball python!
You have reached level 6!
Your experience leads to an increase in your attributes!
Increase (S)trength, (I)ntelligence, or (D)exterity?
You feel clever.
The wall freezes the gnoll.
The gnoll hits you but does no damage.
Casting: Ozocubu's Armour (safe; 14% risk of failure)
Confirm with . or Enter, or press ? or * to list all spells.
Aiming: Freeze (safe; 1% risk of failure)
Press: ? - help, Shift-Dir - straight line, f/p - gnoll
Aim: a gnoll, wielding a +0 club (heavily wounded)
You feel a surge of power!
You freeze the gnoll.
The gnoll is severely wounded.
The gnoll hits you with a +0 club!
* * * LOW HITPOINT WARNING * * *
The wall freezes the gnoll.
The gnoll hits you from afar with a +0 spear!
You die...

#........♣....#
#........
#....#...)....#
##......##
######..#####.#
###.......# #†##
..............# #.#
#..##....†...# #.#
#...#......# #.#
.#.###......#
#.#######.##.# #......#
#......@.....# ####.###
#...[.g.###### ###..###
#......g# ##.......
#......##### ###..##.##.
#......$g..###...###.###
#...... #..##.### #....
#...... #...#.# ##....
#...... #†....# #.....
#....## #.....


You could see 2 gnolls.

Vanquished Creatures
  Sigmund (D:3)
  An ooze (D:1)
  A worm (D:3)
  2 dart slugs
  2 leopard geckos
  A ball python (D:2)
  7 bats
  4 giant cockroaches (D:3)
  4 goblins
  2 hobgoblins (D:3)
  5 jackals (D:1)
  A quokka (D:2)
  3 frilled lizards
  6 kobolds
  7 rats
47 creatures vanquished.

Notes
Turn   | Place    | Note
-------+----------+-------------------------------------------
     0 | D:1      | Cral the Merfolk Ice Elementalist began the quest for the
                  | Orb.
     0 | D:1      | Reached XP level 1. HP: 13/13 MP: 3/3
   535 | D:1      | Reached XP level 2. HP: 13/19 MP: 0/5
   796 | D:1      | Reached skill level 5 in Ice Magic
  1253 | D:1      | Reached XP level 3. HP: 5/25 MP: 2/6
  1886 | D:2      | Found a faded altar of an unknown god.
  2062 | D:2      | Found a shadowy altar of Dithmenos.
  2498 | D:3      | Learned a level 3 spell: Frozen Ramparts
  2502 | D:3      | Learned a level 3 spell: Ozocubu's Armour
  2507 | D:3      | Noticed Sigmund
  2533 | D:3      | Killed Sigmund
  2533 | D:3      | Reached skill level 6 in Ice Magic
  2533 | D:3      | Reached XP level 4. HP: 19/31 MP: 2/9
  2533 | D:3      | Reached XP level 5. HP: 22/36 MP: 2/10
  2810 | D:3      | Noticed Grinder
  2977 | D:2      | Reached XP level 6. HP: 12/42 MP: 3/11
  2978 | D:2      | Slain by a gnoll

Levels and vault maps discovered:
D:1:      psy_arrival_fountain, layout_basic
D:2:      layout_rooms, grunt_dithmenos_smoke_and_mirrors,
          chequers_ecumenical_altar_simple_redux, chequers_mini_garden
D:3:      layout_basic, uniq_sigmund, uniq_grinder

Skill      XL: |  1  2  3 |
---------------+----------+-----
Ice Magic      | 5 6 |  6.3
Dodging        | 3 |  3.2
Spellcasting   | 3 |  3.8
Fighting       | |  0.5
Stealth        | |  2.1

Action                   |  1- 3 |  4- 6 || total
-------------------------+-------+-------++-------
Melee: Unarmed           |     8 |     3 ||    11
 Cast: Freeze            |    53 |    10 ||    63
       Frozen Ramparts   |     2 |     4 ||     6
       Ozocubu's Armour  |       |     2 ||     2
  Eat: Chunk             |     2 |     1 ||     3
       Ration            |     1 |       ||     1
Armor: Robe              |    18 |     3 ||    21
Dodge: Dodged            |    54 |     6 ||    60

Table legend:
 A = Non-vault XP
 B = Vault XP
 C = Vault XP percentage of total XP
 D = Non-vault monster count
 E = Vault monster count
 F = Vault count percentage of total count
                 A         B        C        D         E       F
            +---------+---------+-------+---------+---------+-------
      Total |      89 |     231 |  72.2 |      46 |       1 |   2.1
            +---------+---------+-------+---------+---------+-------
        D:1 |      39 |       0 |   0.0 |      18 |       0 |   0.0
        D:2 |      18 |       0 |   0.0 |      10 |       0 |   0.0
        D:3 |      32 |     231 |  87.8 |      18 |       1 |   5.3
            +---------+---------+-------+---------+---------+-------
